 Dungeon Crawl Stone Soup version 0.30.0-29-ga12c61a403 (webtiles) character file.

Game seed: 14787888280273431760

3348 booth the Trooper (level 9, -3/71 HPs)
             Began as a Demonspawn Gladiator on June 8, 2023.
             Was an Initiate of Gozag.
             Shot with an arrow by a centaur warrior (19 damage)
             ... on level 8 of the Dungeon on June 9, 2023.
             The game lasted 00:44:51 (7940 turns).

booth the Trooper (Demonspawn Gladiator)            Turns: 7940, Time: 00:44:52

Health: -3/71      AC:  9    Str: 19    XL:     9   Next: 72%
Magic:  9/9        EV: 16    Int:  9    God:    Gozag
Gold:   458        SH:  0    Dex: 21    Spells: 8/8 levels left

rFire   + . .        a - +0 war axe
rCold   + . .        (no shield)
rNeg    . . .        b - +1 leather armour
rPois   +            c - +2 helmet
rElec   +            (no cloak)
rCorr   +            (gloves unavailable)
SInv    .            (no boots)
Will    .....        (no amulet)
Stlth   ++           p - +6 ring of dexterity
HPRegen 0.31/turn    (no ring)
MPRegen 0.22/turn

%: no passive effects
@: mighty, resistant, invisible
A: icy blue scales 1, demonic guardian 1, magic regeneration, demonic touch 3
a: Renounce Religion, Potion Petition, Call Merchant, Bribe Branch


You were on level 8 of the Dungeon.
You worshipped Gozag.
Gozag was aware of your devotion.
You visited 2 branches of the dungeon, and saw 9 of its levels.

You collected 1182 gold pieces.
You spent 187 gold pieces at shops.
You paid 537 gold pieces to Gozag.

Inventory:

Hand Weapons
 a - a +0 war axe (weapon)
 n - a +1 broad axe of freezing
 A - a +0 flail
Missiles
 d - 5 throwing nets (quivered)
 e - a javelin
 h - 3 atropa-tipped darts
 i - a boomerang
 w - 25 poisoned darts
 C - a curare-tipped dart
Armour
 b - a +1 leather armour (worn)
 c - a +2 helmet (worn)
 q - a +0 ring mail of cold resistance
 v - a +2 ring mail of poison resistance
Jewellery
 p - a +6 ring of dexterity (left hand)
Wands
 f - a wand of roots (16)
 o - a wand of paralysis (6)
 t - a wand of acid (6)
Scrolls
 g - 2 scrolls of blinking
 j - a scroll of silence
 k - a scroll of torment
 l - a scroll of immolation
 s - a scroll of fog
 u - a scroll of teleportation
 y - a scroll of noise {unknown}
 B - 2 scrolls of amnesia {unknown}
 F - a scroll of acquirement {unknown}
Potions
 m - a potion of cancellation
 r - 2 potions of ambrosia
 x - a potion of haste {unknown}
 z - a potion of attraction {unknown}
 D - a potion of heal wounds
 E - a potion of brilliance {unknown}


   Skills:
 + Level 6.9 Fighting
 + Level 6.7 Axes
 + Level 6.3 Throwing
 + Level 2.9 Armour
 + Level 6.7 Dodging


You had 8 spell levels left.
You didn't know any spells.
Your spell library contained the following spells:

 Spells                   Type           Power      Damage    Failure   Level
 Apportation              Tloc           0%         N/A       43%         1
 Summon Small Mammal      Summ           0%         N/A       43%         1
 Call Canine Familiar     Summ           0%         N/A       82%         3
 Hailstorm                Conj/Ice       0%         3d3       82%         3
 Summon Guardian Golem    Hex/Summ       0%         N/A       82%         3
 Ice Form                 Ice/Tmut       0%         N/A       99%         4
 Alistair's Intoxication  Tmut/Pois      0%         N/A       100%        5
 Simulacrum               Ice/Necr       Unusable   N/A       N/A         6

Dungeon Overview and Level Annotations

Branches:
Dungeon (8/15)             Temple (1/1) D:4
   Lair: D:8-11

Altars:
Ashenzari
Cheibriados
Dithmenos
Gozag
Kikubaaqudgha
Nemelex Xobeh
Qazlal
Ru
Sif Muna
Uskayaw
Vehumet

Shops:
D:3 *

Annotations:
D:7 2 transporters
D:8 Psyche


Innate Abilities, Weirdness & Mutations

You are partially covered in icy blue scales. (AC +2)
A weak demonic guardian rushes to your aid.
You regenerate magic rapidly.
Your touch may irresistibly damage your foes and sap their willpower.


Message History

a +0 battleaxe; a +0 plate armour
Things that are here:
a +0 hand axe; a +0 scale mail
Found a whip.
Found a stone staircase leading down.
A howler monkey comes into view.
A skeletal warrior, a bullfrog and an orc come into view.
Found a robe and a scroll labelled SUKOBL ASID.
The bullfrog croaks.
The howler monkey howls!
A centaur warrior comes into view.
A bullfrog comes into view.
A troll comes into view.
A manticore comes into view.
The orc moves out of view.
The centaur warrior shouts!
You hear a shout!
The centaur warrior wields a +0 longbow.
The centaur warrior shoots an arrow.
The arrow misses you.
The centaur warrior shoots an arrow.
The arrow hits you!
The centaur warrior shoots an arrow.
The arrow misses you.
The centaur warrior shoots an arrow.
The arrow hits you!!
Things that are here:
a +0 hand axe; a +0 scale mail The centaur warrior shoots an arrow.
The arrow hits you.
The centaur warrior shoots an arrow.
The arrow hits you!
You feel much better. [a] - 462 gold - resistance, might and invisibility [b] - 200 gold - resistance [c] - 384 gold - heal wounds, curing and magic Purchase which effect?
You no longer have enough gold to fund merchants seeking to open stores in the dungeon.
You feel protected.
You feel very mighty all of a sudden.
You fade into invisibility!
The centaur warrior shoots an arrow.
The centaur warrior shoots an arrow.
The centaur warrior shoots an arrow. x2
Items here: ))) [[.
The centaur warrior shoots an arrow.
The arrow hits you!!
The centaur warrior shoots an arrow.
The centaur warrior shoots an arrow.
The arrow hits you!
* * * LOW HITPOINT WARNING * * *
The centaur warrior shoots an arrow.
The arrow hits you!!
You die...
Your body crumbles into a pile of gold.

#..# #........♣
####.#####......#..
#.......##......
♣..
#.##.##.####.##. ♣.
#.##.##.## #. .. ..
#.##.....#...
#.####.....#
###F####.....#
######
#hzTc)@.###### #
....#.##.#####.# .
#....#.####### hF $
# .#....)c)..# #z.
$ # #........####
..F. . ........z###
#.... .
####...#.F.# ......
. ###.###h###......
. .....>.........F[
.


You could see a skeletal warrior (unable to see you), a centaur warrior (unable
to see you), a troll (unable to see you), a bullfrog (unable to see you) and a
howler monkey (unable to see you).

Vanquished Creatures
  4 yaks (D:8)
  A water moccasin (D:5)
  2 orc warriors
  A sky beast (D:7)
  4 black bears
  3 centaurs
  2 ogres (D:6)
  A phantom (D:4)
  3 kobold brigands (D:7)
  4 bullfrogs
  A scorpion (D:4)
  A wight (D:8)
  4 hounds
  A jelly (D:4)
  3 orc priests
  A sleepcap (D:6)
  3 iguanas
  8 orc wizards
  13 adders
  10 gnolls
  A white imp (D:6)
  An ufetubus (D:4)
  3 worms
  3 dart slugs
  32 orcs
  4 bats
  6 endoplasms
  5 giant cockroaches
  11 goblins
  12 hobgoblins
  6 jackals
  2 quokkas
  5 ball pythons
  4 frilled lizards
  23 kobolds
  7 rats
195 creatures vanquished.

Vanquished Creatures (collateral kills)
  A sleepcap (D:5)
  An orc (D:6)
2 creatures vanquished.

Vanquished Creatures (others)
  An orc wizard (D:5)
1 creature vanquished.

Grand Total: 198 creatures vanquished

Notes
Turn   | Place    | Note
-------+----------+-------------------------------------------
     0 | D:1      | booth the Demonspawn Gladiator began the quest for the Orb.
     0 | D:1      | Reached XP level 1. HP: 16/16 MP: 1/1
   106 | D:1      | Gained mutation: You are partially covered in icy blue
                  | scales. (AC +2) [demonic ancestry]
   106 | D:1      | Reached XP level 2. HP: 18/22 MP: 2/2
   643 | D:2      | Gained mutation: Your touch may inflict minor irresistible
                  | damage on your foes. [demonic ancestry]
   643 | D:2      | Reached XP level 3. HP: 26/28 MP: 3/3
   843 | D:2      | Reached XP level 4. HP: 29/34 MP: 4/4
   856 | D:2      | Found a faded altar of an unknown god.
  1083 | D:2      | You fall into a shaft and drop 2 floors!
  1422 | D:3      | Reached XP level 5. HP: 27/41 MP: 5/5
  2043 | D:3      | Found Irowae's Assorted Antiques.
  2137 | D:3      | Noticed a centaur
  2144 | D:3      | Killed a centaur
  2145 | D:3      | Gained mutation: A weak demonic guardian rushes to your
                  | aid. [demonic ancestry]
  2145 | D:3      | Reached XP level 6. HP: 36/48 MP: 6/6
  2678 | D:4      | Gained mutation: Your touch may inflict irresistible damage
                  | on your foes. [demonic ancestry]
  2678 | D:4      | Reached XP level 7. HP: 42/54 MP: 7/7
  2777 | D:4      | Found an opulent altar of Gozag.
  2809 | D:4      | Became a worshipper of Gozag Ym Sagoz the Greedy
  2919 | D:4      | Found a staircase to the Ecumenical Temple.
  2937 | Temple   | Entered the Ecumenical Temple
  3507 | D:4      | Found a shadowy altar of Dithmenos.
  3542 | D:5      | Entered Level 5 of the Dungeon
  4062 | D:5      | Reached skill level 5 in Dodging
  4166 | D:5      | Reached skill level 5 in Fighting
  4166 | D:5      | Reached skill level 5 in Axes
  4166 | D:5      | Gained mutation: You regenerate magic rapidly. [demonic
                  | ancestry]
  4166 | D:5      | Reached XP level 8. HP: 44/62 MP: 8/8
  4357 | D:3      | Bought a scroll of enchant armour for 187 gold pieces
  5030 | D:6      | Reached skill level 5 in Throwing
  5943 | D:7      | Gained mutation: Your touch may irresistibly damage your
                  | foes and sap their willpower. [demonic ancestry]
  5943 | D:7      | Reached XP level 9. HP: 68/69 MP: 9/9
  6123 | D:7      | Reached skill level 1 in Armour
  6375 | D:7      | Found a broken altar of Ashenzari.
  6375 | D:7      | Noticed a cyclops
  6375 | D:7      | Noticed a red ugly thing
  6377 | D:7      | Found a snail-covered altar of Cheibriados.
  6380 | D:7      | Found a transporter.
  6390 | D:7      | Found a transporter.
  6408 | D:7      | Found the Hermit's Pendant {Faith Invo=14 Evo=0 MP+5}
  7314 | D:8      | Found a shimmering blue altar of Sif Muna.
  7373 | D:8      | Noticed Psyche
  7916 | D:8      | Noticed a skeletal warrior
  7916 | D:8      | Noticed a centaur warrior
  7916 | D:8      | Noticed a troll
  7916 | D:8      | Noticed a manticore
  7940 | D:8      | Shot with an arrow by a centaur warrior

Illustrated notes

Levels and vault maps discovered:
D:1:      enne_arrival_octagon_isle, layout_basic, minmay_small_reverse_x
D:2:      cheibrodos_old_hovel, layout_rooms, hellmonk_ecumenical_altar_zigzags
D:3:      minmay_chambers_of_twos, layout_loops_ring, serial_shops,
          nicolae_shop_peninsula
D:4:      cheibrodos_greedy_goblins, layout_cave_pools, old_standard_altar,
          lemuel_tele_altar, temple_doors_e
D:5:      layout_rooms
D:6:      layout_loops_cross, zin_scriptorium, minmay_fractal_squares_gapless_5
D:7:      layout_layer_cave, gammafunk_temple_overflow_arena
D:8:      minmay_bloctagon, layout_loops_cross,
          grunt_temple_overflow_champion_of_chaos, kennysheep_ying_yang,
          chequers_temple_overflow_minitemple, tgw_sif, dpeg_oklobed_lair,
          onia_ninara_dug_in_and_dangerous, uniq_psyche
Temple:   nicolae_temple_two_arcs

Skill      XL: |  1  2  3  4  5  6  7  8  9 |
---------------+----------------------------+-----
Throwing       | 2 3 4 5 6 |  6.3
Dodging        | 3 4 5 6 |  6.7
Axes           | 3 4 5 6 |  6.7
Fighting       | 3 4 5 6 |  6.9
Armour         | 2 |  2.9

Action                     |  1- 3 |  4- 6 |  7- 9 || total
---------------------------+-------+-------+-------++-------
  Melee: War axe           |    84 |   112 |   311 ||   507
         Touch             |     8 |    27 |    55 ||    90
         Punch             |       |       |     3 ||     3
  Throw: Javelin           |       |     2 |     1 ||     3
         Dart              |       |       |     4 ||     4
         Boomerang         |       |       |     3 ||     3
         Throwing net      |       |       |     1 ||     1
 Invoke: Potion Petition   |       |       |     1 ||     1
    Use: Scroll            |     3 |     3 |     7 ||    13
         Potion            |     2 |     2 |     2 ||     6
   Stab: Sleeping          |       |     1 |       ||     1
 Armour: Leather armour    |    33 |    58 |    98 ||   189
  Dodge: Dodged            |    63 |    77 |   196 ||   336
